 Dungeon Crawl Stone Soup version 0.31-a0-18-gea43df2a32 (webtiles) character file.

Game seed: 11893546947002133397

30750 BlueFish the Geomancer (level 13, -3/111 HPs)
             Began as a Grey Draconian Artificer on May 12, 2023.
             Was an Elder of Vehumet.
             Engulfed by a cloud of flame (26 damage)
             ... on level 1 of the Lair of Beasts on May 13, 2023.
             The game lasted 00:55:36 (15377 turns).

BlueFish the Geomancer (Grey Draconian Artificer)  Turns: 15377, Time: 00:55:37

Health: -3/111     AC: 21    Str: 15    XL:     13   Next: 22%
Magic:  20/20      EV: 14    Int: 15    God:    Vehumet [****..]
Gold:   839        SH:  6    Dex: 13    Spells: 8/22 levels left

rFire   . . .        S - +4 morningstar (flame)
rCold   . . .        p - +0 buckler
rNeg    . . .        (body armour unavailable)
rPois   .            (helmet restricted)
rElec   .            C - +0 cloak
rCorr   +            V - +2 pair of gloves
SInv    +            y - +3 pair of seven-league boots {Rampage+∞}
Will    .....        v - amulet of regeneration
Stlth   ++++         H - ring of see invisible
HPRegen 1.18/turn    D - ring of resist corrosion
MPRegen 0.17/turn

%: rampage+∞
@: no status effects
A: AC +13, amphibious, unfitting armour, cold-blooded
a: Renounce Religion


You were on level 1 of the Lair of Beasts.
You worshipped Vehumet.
Vehumet was greatly pleased with you.
You visited 3 branches of the dungeon, and saw 13 of its levels.
You also visited: Ossuary and Bailey.

You collected 1109 gold pieces.
You spent 270 gold pieces at shops.

Inventory:

Hand Weapons
 E - a +3 mace of protection
 S - a +4 morningstar of flaming (weapon)
 T - a +5 flail of chaos
 Y - a +1 scimitar of flaming
Missiles
 W - 4 throwing nets
Armour
 p - a +0 buckler (worn)
 y - the +3 pair of seven-league boots (worn) {Rampage+∞}
   (You acquired it on level 9 of the Dungeon)

   Rampage+∞: When moving toward enemies, its wearer moves as far as possible.
 C - a +0 cloak (worn)
 V - a +2 pair of gloves (worn)
Jewellery
 d - a +6 ring of dexterity
 v - an amulet of regeneration (around neck)
 w - a ring of protection from cold
 x - an amulet of magic regeneration
 D - a ring of resist corrosion (right hand)
 H - a ring of see invisible (left hand)
 J - a ring of willpower
 U - a ring of positive energy
Wands
 c - a wand of charming (17)
 e - a wand of quicksilver (23)
 k - a wand of iceblast (1)
 O - a wand of digging (11)
 X - a wand of mindburst (4)
Scrolls
 b - 2 scrolls of poison
 f - 5 scrolls of teleportation
 q - 3 scrolls of blinking
 u - a scroll of identify
 B - a scroll of silence
 F - a scroll of amnesia
 I - 4 scrolls of fog
 K - a scroll of magic mapping
 L - a scroll of torment
 M - a scroll of immolation
 P - a scroll of enchant armour
 Q - a scroll of enchant weapon
 R - a scroll of fear {unknown}
Potions
 a - 2 potions of cancellation
 g - 4 potions of attraction
 h - 14 potions of curing
 i - 5 potions of mutation
 l - 3 potions of heal wounds
 m - 3 potions of flight
 n - 4 potions of might
 o - 2 potions of haste
 r - 5 potions of magic
 s - a potion of ambrosia
 t - 3 potions of brilliance
 z - a potion of berserk rage
 N - 4 potions of lignification
Miscellaneous
 j - a lightning rod (4/4)


   Skills:
 + Level 9.1 Fighting
 + Level 6.2 Maces & Flails
 - Level 7.4 Dodging
 + Level 8.2 Stealth
 + Level 7.8 Shields
 + Level 5.3 Spellcasting
 + Level 4.1 Translocations
 * Level 6.2 Transmutations
 * Level 10.0 Earth Magic
 + Level 8.8 Evocations


You had 8 spell levels left.
You knew the following spells:

 Your Spells              Type           Power      Damage    Failure   Level
a - Statue Form           Tmut/Erth      18%        N/A       71%         6
b - Petrify               Tmut/Erth      28%        N/A       7%          4
c - Lesser Beckoning      Tloc           32%        N/A       5%          2
d - Blink                 Tloc           32%        N/A       5%          2

Your spell library contained the following spells:

 Spells                   Type           Power      Damage    Failure   Level
 Conjure Ball Lightning   Conj/Air       1%         3x3d6     99%         6
 Beastly Appendage        Tmut           44%        N/A       1%          1
 Wereblood                Tmut           22%        N/A       2%          2
 Momentum Strike          Conj/Tloc      20%        3d8       3%          2
 Kiss of Death            Conj/Necr      12%        2d6       5%          1
 Sting                    Tmut/Pois      52%        1d5       5%          1
 Ignite Poison            Fire/Tmut/Pois 10%        N/A       7%          3
 Poisonous Vapours        Pois/Air       6%         N/A       9%          2
 Hailstorm                Conj/Ice       3%         3d3       16%         3
 Spider Form              Tmut/Pois      13%        N/A       16%         3
 Slow                     Hex            12%        N/A       21%         1
 Summon Small Mammal      Summ           12%        N/A       21%         1
 Olgreb's Toxic Radiance  Pois           3%         N/A       43%         4
 Sticky Flame             Conj/Fire      3%         2d3       43%         4
 Call Canine Familiar     Summ           3%         N/A       52%         3
 Confusing Touch          Hex            3%         N/A       52%         3
 Summon Guardian Golem    Hex/Summ       3%         N/A       52%         3
 Vampiric Draining        Necr           3%         2d6       52%         3
 Iron Shot                Conj/Erth      9%         9d3       65%         6
 Freezing Cloud           Conj/Ice/Air   1%         6-21      77%         5
 Dispel Undead            Necr           3%         3d7       89%         4
 Metabolic Englaciation   Hex/Ice        1%         N/A       99%         5
 Ignition                 Fire           1%         3d3       100%        8


Dungeon Overview and Level Annotations

Branches:
Dungeon (11/15)            Temple (1/1) D:6            Lair (1/5) D:9
    Orc (0/2) D:9         Ossuary (visited)          Bailey (visited)

Altars:
Ashenzari
Cheibriados
Dithmenos
Elyvilon
Fedhas
Gozag
Hepliaklqana
Kikubaaqudgha
Makhleb
Nemelex Xobeh
Okawaru
Qazlal
Ru
Sif Muna
Trog
Uskayaw
Vehumet
Wu Jian
Xom
Yredelemnul
Zin
The Shining One

Shops:
D:4 (   D:7 (   D:8 :   D:10 [

Annotations:
D:10 3 runed translucent doors, relicbr's ghost, journeyman DrGl


Innate Abilities, Weirdness & Mutations

Your dull iron-grey scales are very hard. (AC +13)
You are amphibious.
You cannot fit into any form of body armour.
You are cold-blooded and may be slowed by cold attacks.


Message History

The fire crab breathes flames at you. The blast of flame misses you.
You hit the fire crab but do no damage.
The fire crab is severely wounded.
You are engulfed in blazing flames.
The fire crab breathes flames at you. The blast of flame engulfs you.
You puncture the fire crab!
The fire crab is severely wounded.
You are engulfed in blazing flames.
The fire crab breathes flames at you.
The blast of flame engulfs you but does no damage.
You hit the fire crab but do no damage.
The fire crab is severely wounded.
You are engulfed in blazing flames.
The fire crab bites you.
You are engulfed in flames!
The fire crab claws you!
You are engulfed in flames!
* * * LOW HITPOINT WARNING * * *
You block the fire crab's attack. The fire crab barely misses you.
The fire crab breathes flames at you.
The blast of flame engulfs you but does no damage.
You feel much better.
You are engulfed in blazing flames.
The fire crab breathes flames at you. The blast of flame misses you.
You puncture the fire crab!
You tail-slap the fire crab, but do no damage.
The fire crab is almost dead.
You are engulfed in blazing flames.
The fire crab misses you. You block the fire crab's attack.
You hit the fire crab.
The fire crab is almost dead.
You are engulfed in blazing flames.
* * * LOW HITPOINT WARNING * * *
The fire crab breathes flames at you.
The blast of flame engulfs you but does no damage.
You hit the fire crab. You tail-slap the fire crab.
You kill the fire crab!
Vehumet accepts your kill.
You are engulfed in blazing flames.
You die...

# ##...# ##.............# #...#
##............# ##..##
##.............# #...#
#............... #..÷##
##............... #
#....###................ #
#P...#..°............... #
#.....°°°............... ##
##....°@°...............
.#########.....°°°...............
....##..###...°...<..............
.................................
.......~≈..##....................
.......~≈≈###....................
.......~≈≈≈##....................
#.......~≈≈##...................#
##...#.†.≈≈##..................##


There were no monsters in sight!

Vanquished Creatures
  Harold (D:10)
  A hydra (Lair:1)
  An anaconda (Lair:1)
  Erica (D:10)
  5 death yaks (D:9)
  5 two-headed ogres
  2 fire crabs (Lair:1)
  Pikel (D:5)
  An orc knight (Bailey)
  A cyclops (D:11)
  2 elephants (Lair:1)
  A black mamba (Lair:1)
  A torpor snail (Lair:1)
  2 unseen horrors
  A kobold demonologist (D:9)
  3 cane toads (Lair:1)
  A freezing wraith (D:9)
  2 trolls (D:9)
  A meliai (D:8)
  2 hornets (Lair:1)
  A polar bear (Lair:1)
  Prince Ribbit (D:7)
  Sigmund (D:5)
  4 shadows
  2 wyverns
  Grum (D:9)
  2 wraiths (D:11)
  24 yaks
  2 steam dragons
  5 vampire mosquitoes
  A basilisk (Lair:1)
  Edmund (D:5)
  4 acid dragons
  3 water moccasins
  7 orc warriors
  4 sky beasts
  3 black bears
  12 wolves
  3 ice beasts
  7 ogres
  3 centaurs
  A phantom (D:6)
  5 kobold brigands
  8 bullfrogs
  7 scorpions
  A gnoll sergeant (D:6)
  A wyvern zombie (Ossuary)
  A water moccasin zombie (Ossuary)
  8 wights
  3 troll zombies (D:9)
  6 electric eels
  2 howler monkeys
  4 bullfrog zombies (Ossuary)
  6 centaur zombies (Ossuary)
  2 jellies (D:6)
  6 orc priests
  4 hounds
  15 mummies (Ossuary)
  A sleepcap (D:7)
  5 iguanas
  9 orc wizards
  2 killer bee zombies (Ossuary)
  5 ogre zombies (D:9)
  3 howler monkey zombies (Ossuary)
  4 gnolls (D:6)
  8 adders
  2 shadow imps
  2 worms (D:2)
  5 dart slugs
  27 orcs
  9 ball pythons
  4 endoplasms
  2 giant cockroaches (D:1)
  11 goblins
  5 hobgoblins
  7 quokkas
  7 bats
  4 frilled lizards
  3 goblin zombies (D:9)
  2 hobgoblin zombies (D:9)
  24 kobolds
  2 orc skeletons (D:9)
  18 orc zombies (D:9)
  2 rats
379 creatures vanquished.

Vanquished Creatures (collateral kills)
  A centaur warrior (D:9)
  A deep elf pyromancer (Bailey)
  2 ugly things (D:8)
  A vampire mosquito (D:9)
  An acid dragon (D:9)
  2 orc warriors (Bailey)
  A bullfrog (D:7)
  A gnoll sergeant (D:9)
  An orc wizard (D:7)
  2 orcs
  3 goblins (D:7)
16 creatures vanquished.

Vanquished Creatures (others)
  A manticore (D:9)
  A yak (D:9)
2 creatures vanquished.

Grand Total: 397 creatures vanquished

Notes
Turn   | Place    | Note
-------+----------+-------------------------------------------
     0 | D:1      | BlueFish the Draconian Artificer began the quest for the
                  | Orb.
     0 | D:1      | Reached XP level 1. HP: 16/16 MP: 1/1
    75 | D:1      | Reached skill level 1 in Stealth
   319 | D:1      | Reached XP level 2. HP: 23/23 MP: 2/2
  1218 | D:2      | Found a bloodstained altar of Trog.
  1319 | D:2      | Reached XP level 3. HP: 19/29 MP: 3/3
  2232 | D:3      | Reached XP level 4. HP: 30/36 MP: 4/4
  2527 | D:3      | Found a basalt altar of Yredelemnul.
  2899 | D:4      | Found Wumnom's Weapon Shop.
  2944 | D:4      | Noticed an ogre
  2952 | D:4      | Killed an ogre
  2953 | D:4      | Reached skill level 1 in Shields
  2953 | D:4      | Reached XP level 5. HP: 44/44 MP: 5/5
  3184 | D:4      | Reached XP level 6. HP: 48/51 MP: 6/6
  3546 | D:5      | Entered Level 5 of the Dungeon
  3775 | D:5      | Your scales start taking on a dull iron-grey colour.
  3775 | D:5      | Reached XP level 7. HP: 51/58 MP: 7/7
  3937 | D:5      | Noticed Sigmund
  3953 | D:5      | Killed Sigmund
  4024 | D:5      | Noticed Pikel
  4025 | D:5      | You fall into a shaft and drop 1 floor!
  4105 | D:5      | Killed Pikel
  4106 | D:5      | Reached skill level 5 in Fighting
  4106 | D:5      | Reached skill level 5 in Evocations
  4106 | D:5      | Reached XP level 8. HP: 46/68 MP: 8/8
  4111 | D:5      | Found a sand-covered staircase.
  4117 | Ossuary  | Entered an ossuary
  4265 | Ossuary  | Reached skill level 5 in Dodging
  4270 | Ossuary  | Reached skill level 5 in Stealth
  4492 | Ossuary  | Reached XP level 9. HP: 75/75 MP: 9/9
  4757 | D:5      | Noticed Edmund
  4848 | D:4      | Reached skill level 5 in Shields
  5001 | D:5      | Killed Edmund
  5333 | D:6      | Learned a level 6 spell: Statue Form
  5337 | D:6      | Found a staircase to the Ecumenical Temple.
  5407 | Temple   | Entered the Ecumenical Temple
  5854 | Temple   | Became a worshipper of Vehumet
  5988 | D:6      | Reached skill level 1 in Earth Magic
  6095 | D:6      | Noticed an unseen horror
  6126 | D:6      | Killed an unseen horror
  6127 | D:6      | Reached skill level 1 in Maces & Flails
  6127 | D:6      | Reached skill level 1 in Transmutations
  6127 | D:6      | Reached skill level 2 in Earth Magic
  6154 | D:6      | Reached skill level 1 in Spellcasting
  6200 | D:6      | Learned a level 4 spell: Petrify
  6267 | D:6      | Reached skill level 3 in Earth Magic
  6383 | D:6      | Found a blossoming altar of Fedhas.
  6461 | D:6      | Reached XP level 10. HP: 79/84 MP: 12/12
  6683 | D:6      | Reached * piety under Vehumet
  6683 | D:6      | Offered knowledge of Shock by Vehumet.
  7023 | D:7      | Noticed a two-headed ogre
  7113 | D:7      | Found a flagged portal.
  7162 | D:7      | Killed a two-headed ogre
  7163 | D:7      | Reached skill level 4 in Earth Magic
  7242 | Bailey   | Entered a bailey
  7321 | Bailey   | Noticed an orc knight
  7424 | Bailey   | Found a large runed translucent door.
  7424 | Bailey   | Found a large runed translucent door.
  7425 | Bailey   | Noticed a deep elf pyromancer
  7466 | Bailey   | Killed a deep elf pyromancer
  7491 | Bailey   | Killed an orc knight
  7492 | Bailey   | Reached skill level 5 in Earth Magic
  7677 | D:7      | Noticed Prince Ribbit
  7683 | D:7      | Found Yzetugg's Weapon Emporium.
  7714 | D:7      | Killed Prince Ribbit
  7714 | D:7      | Reached ** piety under Vehumet
  7800 | D:7      | Offered knowledge of Searing Ray by Vehumet.
  8455 | D:8      | Noticed a brown ugly thing
  8803 | D:8      | Reached XP level 11. HP: 73/92 MP: 15/15
  8815 | D:8      | Reached skill level 6 in Earth Magic
  8939 | D:8      | Offered knowledge of Scorch by Vehumet.
  9135 | D:8      | Found Oqaink's Book Shoppe.
  9238 | D:8      | Reached *** piety under Vehumet
  9244 | D:8      | Noticed a purple ugly thing
  9244 | D:8      | Noticed a two-headed ogre
  9308 | D:8      | Killed a purple ugly thing
  9315 | D:8      | Killed a purple ugly thing
  9341 | D:8      | Killed a two-headed ogre
  9409 | D:8      | Bought a book of Spatial Translocations for 270 gold pieces
  9412 | D:8      | Learned a level 2 spell: Lesser Beckoning
  9415 | D:8      | Learned a level 2 spell: Blink
  9514 | D:8      | Identified the +6 sling "Berinute" {freeze, rN+ rCorr
                  | Str+2}
  9514 | D:8      | Identified the +6 great mace "Duit" {heavy, Fragile rElec
                  | Int+4 Stlth+}
  9794 | D:9      | Found a staircase to the Orcish Mines.
  9889 | D:9      | Offered knowledge of Inner Flame by Vehumet.
  9982 | D:9      | Identified the +1 leather armour of the Curious Friars
                  | {rElec Dex+3}
 10208 | D:9      | Noticed a centaur warrior
 10210 | D:9      | Reached **** piety under Vehumet
 10214 | D:9      | Killed a centaur warrior
 10215 | D:9      | Reached skill level 1 in Translocations
 10215 | D:9      | Reached skill level 7 in Earth Magic
 10262 | D:9      | Offered knowledge of Ignite Poison by Vehumet.
 10364 | D:9      | Identified a scroll of acquirement
 10365 | D:9      | Acquired the +3 pair of seven-league boots {Rampage+∞}
 10365 | D:9      | Found the +3 pair of seven-league boots {Rampage+∞}
 10459 | D:9      | Found a staircase to the Lair.
 10460 | D:9      | Noticed a death yak
 10549 | D:9      | Noticed a two-headed ogre
 10566 | D:9      | Killed a two-headed ogre
 10594 | D:9      | Noticed a death yak
 10594 | D:9      | Noticed a death yak
 10594 | D:9      | Noticed a death yak
 10595 | D:9      | Noticed a death yak
 10621 | D:9      | Noticed Grum
 10651 | D:9      | Killed Grum
 10800 | D:9      | Noticed a death yak
 11040 | D:10     | Entered Level 10 of the Dungeon
 11367 | D:9      | Reached XP level 12. HP: 102/102 MP: 18/18
 11375 | D:10     | Found Joesiaf's Armour Shop.
 11458 | D:10     | Reached ***** piety under Vehumet
 11459 | D:10     | Offered knowledge of Conjure Ball Lightning by Vehumet.
 11507 | D:10     | Noticed Harold
 11566 | D:10     | Killed Harold
 11567 | D:10     | Reached skill level 8 in Earth Magic
 12128 | D:10     | Found a runed translucent gate.
 12128 | D:10     | Found a runed translucent gate.
 12128 | D:10     | Found a runed translucent gate.
 12203 | D:10     | Noticed Erica
 12228 | D:10     | Killed Erica
 12229 | D:10     | Reached skill level 5 in Transmutations
 12506 | D:10     | Noticed relicbr's ghost (journeyman DrGl)
 12954 | D:11     | Noticed a two-headed ogre
 12987 | D:11     | Killed a two-headed ogre
 12988 | D:11     | Reached skill level 5 in Maces & Flails
 13098 | D:11     | Got the Monograph on the Shot and Refrigeration
 13145 | D:11     | Noticed a two-headed ogre
 13151 | D:11     | Killed a two-headed ogre
 13474 | D:9      | Killed a death yak
 13474 | D:9      | Killed a death yak
 13474 | D:9      | Killed a death yak
 13475 | D:9      | Reached skill level 9 in Earth Magic
 13476 | D:9      | Killed a death yak
 13478 | D:9      | Killed a death yak
 13582 | Lair:1   | Entered Level 1 of the Lair of Beasts
 13790 | Lair:1   | Reached skill level 5 in Spellcasting
 14475 | Lair:1   | Reached XP level 13. HP: 106/110 MP: 20/20
 15280 | Lair:1   | Reached skill level 10 in Earth Magic
 15377 | Lair:1   | Engulfed by a cloud of flame

Illustrated notes

Levels and vault maps discovered:
D:1:      kennysheep_arrival_seaside, layout_basic,
          amcnicky_mini_rare_corridor_liquid
D:2:      layout_loops_ring, basic_altar, minmay_tetromino_t2
D:3:      layout_loops_ring, mainiacjoe_overflow_alcove_4, corner_web_ring
D:4:      minmay_razor_zed, layout_basic, serial_shops, nicolae_shop_tiny_glass
D:5:      layout_cave_pods, enter_ossuary_1, uniq_edmund, uniq_sigmund,
          uniq_pikel
D:6:      minmay_opposing_rooms, layout_basic, overflow_temple_1_default,
          temple_pool_b, nrook_mini_backslash
D:7:      layout_basic, enter_bailey_5, serial_shops, nicolae_take_the_stairs,
          uniq_prince_ribbit1
D:8:      minmay_cut_squares, layout_loops_ring, serial_shops, shop
D:9:      layout_roguey, dpeg_lair_monsters, zombieorc2_lemuel, minmay_bent,
          uniq_grum
D:10:     layout_stronghold, serial_shops, shop, serial_bayou,
          serial_bayou_lake_a, serial_bayou_lagoon_a, serial_bayou_pond_e,
          serial_bayou_pond_b, gammafunk_ghost_icy, uniq_erica, uniq_harold
D:11:     layout_basic
Temple:   mainiacjoe_temple_big_plus
Lair:1:   layout_layer_cave, nicolae_lair_lakeside_cave

Skill      XL: |  1  2  3  4  5  6  7  8  9 10 11 12 13 |
---------------+----------------------------------------+-----
Stealth        | 1 2 3 4 5 6 7 8 |  8.2
Fighting       | 2 3 5 6 7 8 9 |  9.1
Dodging        | 3 4 5 6 7 |  7.4
Shields        | 1 2 3 4 5 6 7 |  7.8
Evocations     | 4 5 6 7 8 |  8.8
Earth Magic    | 3 5 7 9 10 | 10.0
Maces & Flails | 1 3 4 6 |  6.2
Transmutations | 1 3 4 5 6 |  6.2
Spellcasting   | 1 3 4 5 |  5.3
Translocations | 2 3 4 |  4.1

Action                     |  1- 3 |  4- 6 |  7- 9 | 10-12 | 13-15 || total
---------------------------+-------+-------+-------+-------+-------++-------
  Melee: Dagger            |    69 |    45 |       |       |       ||   114
         Tailslap          |    15 |    10 |   114 |   295 |    27 ||   461
         Short sword       |   103 |    11 |       |       |       ||   114
         Punch             |     1 |       |       |       |       ||     1
         Trident           |       |    59 |       |       |       ||    59
         Mace              |       |    21 |   563 |  1370 |       ||  1954
         Morningstar       |       |       |       |   135 |   130 ||   265
  Evoke: Wand              |     3 |     1 |    16 |    10 |    10 ||    40
         Lightning rod     |       |       |       |    20 |       ||    20
    Use: Scroll            |       |       |    11 |    21 |     2 ||    34
         Potion            |       |       |       |       |     2 ||     2
   Stab: Sleeping          |     9 |     4 |     5 |     4 |       ||    22
         Distracted        |       |     1 |       |     2 |       ||     3
 Armour: Skin              |    59 |    36 |   303 |   735 |   141 ||  1274
  Dodge: Dodged            |    99 |    75 |   421 |  1092 |   166 ||  1853
  Block: Buckler           |     2 |    15 |   167 |   474 |    82 ||   740

Table legend: (Time is in decaauts)
 A = Elapsed time spent in this place.
 B = Non-inter-level travel time spent in this place.
 C = Inter-level travel time spent in this place.
 D = Time resting spent in this place.
 E = Time spent auto-exploring this place.
 F = Levels seen in this place.
 G = Mean time per level.
                   A        B        C        D        E       F      G
               +--------+--------+--------+--------+--------+-----+--------+
         Total |  16176 |  15713 |    463 |    180 |   7754 |  15 | 1078.4 |
       Dungeon |  12809 |  12445 |    364 |    168 |   6071 |  11 | 1164.5 |
        Temple |    469 |    389 |     80 |      0 |    343 |   1 |  469.0 |
          Lair |   1861 |   1842 |     19 |     12 |   1126 |   1 | 1861.0 |
       Ossuary |    649 |    649 |      0 |      0 |    170 |   1 |  649.0 |
        Bailey |    385 |    385 |      0 |      0 |     43 |   1 |  385.0 |
               +--------+--------+--------+--------+--------+-----+--------+

Top non-repeatable levels by time:
     D:9: 1909 daAuts
  Lair:1: 1861 daAuts
    D:10: 1365 daAuts
     D:8: 1292 daAuts
     D:7: 1292 daAuts
     D:6: 1260 daAuts
     D:1: 1220 daAuts
     D:5: 1079 daAuts
     D:2: 949 daAuts
     D:4: 897 daAuts
    D:11: 834 daAuts
     D:3: 708 daAuts
 Ossuary: 649 daAuts
  Temple: 469 daAuts
  Bailey: 385 daAuts
